 Dungeon Crawl Stone Soup version 0.20-a0-1124-g2e29d97 (webtiles) character file.

207 Naow the Sneak (level 5, 0/33 HPs)
             Began as an Octopode Fire Elementalist on May 16, 2017.
             Slain by Sigmund
             ... wielding a +0 scythe
              (14 damage)
             ... on level 3 of the Dungeon.
             The game lasted 00:04:08 (3735 turns).

Naow the Sneak (Octopode Fire Elementalist)         Turns: 3735, Time: 00:04:09

Health: 0/33       AC:  1    Str:  7    XL:     5   Next: 85%
Magic:  3/9        EV: 14    Int: 18    God:
Gold:   159        SH:  0    Dex: 13    Spells: 0/10 levels left

rFire    . . .     SeeInvis .   g - +2 dagger (venom)
rCold    . . .     Gourm    .   (no shield)
rNeg     . . .     Faith    .   (helmet restricted)
rPois    .         Spirit   .   (no amulet)
rElec    .         Reflect  .   (no ring)
rCorr    .         Harm     .   (no ring)
MR       .....                  (no ring)
Stlth    +++.......             (no ring)
Regen    0.2/turn               (no ring)
MPRegen  0.2/turn               (no ring)
                                (no ring)
                                (no ring)

@: very slightly contaminated
A: almost no armour, stealthy swim, amphibious, 8 rings, constrict 8, camouflage
1, gelatinous body 1
a: no special abilities


You were on level 3 of the Dungeon.
You were very hungry.

You visited 1 branch of the dungeon, and saw 3 of its levels.

You collected 159 gold pieces.

Inventory:

Hand Weapons
 d - a +0 dagger
 g - a +2 dagger of venom (weapon)
 l - a +5 short sword of electrocution
 s - a +2 dagger of venom
Scrolls
 e - 2 scrolls of immolation {unknown}
 f - a scroll of teleportation {unknown}
 i - 4 scrolls of remove curse {unknown}
 j - a scroll of identify {unknown}
 m - a scroll of enchant weapon {unknown}
 o - a scroll of random uselessness {unknown}
Potions
 c - a potion of cancellation {unknown}
 k - a potion of lignification {unknown}
 n - a potion of curing {unknown}
 q - a potion of agility {unknown}
Books
 a - a book of Flames

   Spells                             Type                      Level
   a - Flame Tongue                   Conjuration/Fire             1
   b - Throw Flame                    Conjuration/Fire             2
   c - Conjure Flame                  Conjuration/Fire             3
   d - Inner Flame                    Hexes/Fire                   3
   e - Sticky Flame                   Conjuration/Fire             4
   f - Fireball                       Conjuration/Fire             5
Comestibles
 b - 3 bread rations
 h - 2 meat rations
 p - a royal jelly


   Skills:
 + Level 1.0 Fighting
 + Level 0.4 Short Blades
 + Level 2.6 Dodging
 + Level 4.0 Stealth
 + Level 0.2 Unarmed Combat
 + Level 3.3 Spellcasting
 + Level 2.2 Conjurations
 + Level 3.9 Fire Magic


You couldn't memorise any spells.
You knew the following spells:

 Your Spells              Type           Power        Failure   Level  Hunger
a - Flame Tongue          Conj/Fire      ##...        4%          1    None
b - Throw Flame           Conj/Fire      ##....       7%          2    ##.....
c - Conjure Flame         Conj/Fire      ##......     13%         3    ###....
d - Sticky Flame          Conj/Fire      ##......     41%         4    ####...


Dungeon Overview and Level Annotations

Branches:
Dungeon (3/15)

Altars:
Qazlal

Annotations:
D:3 Sigmund


Innate Abilities, Weirdness & Mutations

You cannot wear most types of armour.
You are very stealthy in the water. (Stealth+)
You are amphibious.
You can wear up to eight rings at the same time.
You can use your tentacles to constrict eight enemies at once.
Your skin changes colour to match your surroundings (Stealth+).
Your rubbery body absorbs attacks. (AC +1, EV +1)


Message History

You miscast Sticky Flame.
You are very lightly contaminated with residual magic.
Your skin glows momentarily.
Sigmund hits you with a scythe!
Casting: Sticky Flame
Confirm with . or Enter, or press ? or * to list all spells.
You don't have enough magic to cast that spell.
Unknown command.
You hit Sigmund but do no damage.
Sigmund is poisoned.
Your grab misses Sigmund.
Sigmund is moderately wounded.
You hit Sigmund but do no damage.
Sigmund looks even sicker.
You grab Sigmund.
Sigmund is moderately wounded.
You constrict Sigmund, but do no damage.
Sigmund misses you.
You hit Sigmund but do no damage.
Sigmund looks as sick as possible!
You squeeze Sigmund, but do no damage.
Sigmund is moderately wounded.
You constrict Sigmund, but do no damage.
Sigmund hits you with a scythe!
You die...

#.#######.# #.######
........#.### #.#
##........# #.#
#.#...(.).##.## #.#
#.........###.###.#
...........(.......#
.#..#.....#.##.#####
............#<##
##..###.#..@@##
#..##......##
#..........#
.######...# #...#
#...# .: #...#
#.###...########
........!...)....#.


You could see Sigmund.

Vanquished Creatures
  2 orc priests (D:3)
  Terence (D:3)
  4 adders (D:2)
  3 worms (D:2)
  2 dart slugs
  3 leopard geckos
  10 bats
  11 giant cockroaches
  5 goblins
  5 hobgoblins
  6 jackals (D:2)
  6 kobolds
  A quokka (D:2)
  A ball python (D:2)
  3 frilled lizards
  6 rats
69 creatures vanquished.

Notes
Turn   | Place    | Note
-------+----------+-------------------------------------------
     0 | D:1      | Naow the Octopode Fire Elementalist began the quest for the Orb.
     0 | D:1      | Reached XP level 1. HP: 11/11 MP: 3/3
   233 | D:1      | Reached XP level 2. HP: 16/17 MP: 1/5
   351 | D:1      | Reached skill level 3 in Stealth
   835 | D:1      | Reached XP level 3. HP: 21/21 MP: 2/6
  1316 | D:2      | Found a stormy altar of Qazlal.
  1350 | D:2      | Reached XP level 4. HP: 24/27 MP: 7/7
  2643 | D:3      | Noticed Terence
  2651 | D:3      | Killed Terence
  2651 | D:3      | Reached XP level 5. HP: 12/32 MP: 5/9
  3211 | D:3      | Reached skill level 1 in Fighting
  3214 | D:3      | Reached skill level 4 in Stealth
  3363 | D:3      | Noticed Sigmund
  3682 | D:2      | Learned a level 2 spell: Throw Flame
  3686 | D:2      | Learned a level 3 spell: Conjure Flame
  3691 | D:2      | Learned a level 4 spell: Sticky Flame
  3735 | D:3      | Slain by Sigmund

Vault maps used:
D:1:      lightli_arrival_boilingwater
D:2:      minmay_roachtagon, nicolae_qazlal_general_emergency
D:3:      evilmike_ruin_ashenzari, uniq_terence, uniq_sigmund

Skill      XL: |  1  2  3  4  5 |
---------------+----------------+-----
Stealth        | 3 4 |  4.0
Conjurations   | 2 |  2.2
Spellcasting   | 3 |  3.3
Fighting       | 1 |  1.0
Short Blades   | |  0.4
Dodging        | |  2.6
Unarmed Combat | |  0.2
Fire Magic     | |  3.9

Action                   |  1- 3 |  4- 6 || total
-------------------------+-------+-------++-------
Melee: Unarmed           |     8 |       ||     8
       Constrict         |     7 |     9 ||    16
       Dagger            |    12 |    38 ||    50
       Tentacles         |     3 |    15 ||    18
 Cast: Flame Tongue      |    34 |    53 ||    87
       Throw Flame       |       |     3 ||     3
 Stab: Sleeping          |     5 |     2 ||     7
  Eat: Chunk             |     2 |     6 ||     8
Armor: Skin              |     1 |     9 ||    10
Dodge: Dodged            |    19 |    49 ||    68
